 Dungeon Crawl Stone Soup version 0.31-a0-263-ge8cad7f256 (webtiles) character file.

Game seed: 3942114376768029149

855 qw the Skirmisher (level 8, 0/48 HPs)
             Began as a Gargoyle Hexslinger on July 13, 2023.
             Was an Initiate of Okawaru.
             Slain by a white imp (3 damage)
             ... on level 5 of the Dungeon.
             The game lasted 00:01:19 (3753 turns).

qw the Skirmisher (Gargoyle Hexslinger)             Turns: 3753, Time: 00:01:20

Health: 0/48       AC: 14    Str: 12    XL:     8   Next: 1%
Magic:  7/9        EV: 10    Int: 14    God:    Okawaru [......]
Gold:   209        SH:  4    Dex: 12    Spells: 8/9 levels left

rFire   . . .        Y - +1 arbalest (freeze)
rCold   . . .        (shield currently unavailable)
rNeg    + . .        d - +0 ring mail
rPois   inf          (no helmet)
rElec   +            (no cloak)
rCorr   .            (no gloves)
SInv    .            (no boots)
Will    .....        (no amulet)
Stlth   +            g - +4 ring of protection
HPRegen 0.28/turn    (no ring)
MPRegen 0.11/turn

%: clarity
@: no status effects
A: sickness immunity, AC +5, negative energy resistance 1, electricity
resistance, torment resistance 1, petrification resistance, large bone plates 1,
clarity, clumsy 1
a: Renounce Religion


You were on level 5 of the Dungeon.
You worshipped Okawaru.
Okawaru was noncommittal.
You visited 2 branches of the dungeon, and saw 6 of its levels.

You collected 209 gold pieces.


Innate Abilities, Weirdness & Mutations

You are immune to sickness and miasma.
Your stone body is resilient. (AC +5)
You are immune to poison.
You resist negative energy. (rN+)
You are resistant to electric shocks. (rElec)
You are resistant to unholy torment.
You are immune to petrification.
You are partially covered in large bone plates. (SH +4)
You possess an exceptional clarity of mind.
You are clumsy. (Dex -2)


   Skills:
 + Level 4.0 Fighting
 - Level 8.0 Ranged Weapons
 - Level 1.5 Armour
 - Level 1.5 Dodging
 - Level 1.0 Spellcasting
 - Level 2.6 Hexes


You had 8 spell levels left.
You knew the following spells:

 Your Spells              Type           Power      Damage    Failure   Level
a - Slow                  Hex            32%        N/A       19%         1

Your spell library contained the following spells:

 Spells                   Type           Power      Damage    Failure   Level
 Inner Flame              Hex/Fire       4%         N/A       69%         3
 Portal Projectile        Hex/Tloc       8%         N/A       69%         3
 Cause Fear               Hex            4%         N/A       88%         4

Inventory:

Hand Weapons
 Y - a +1 arbalest of freezing (weapon)
Armour
 d - a +0 ring mail (worn)
Jewellery
 g - a +4 ring of protection (left hand)
 k - a ring of fire
Scrolls
 f - a scroll of vulnerability {unknown}
 h - a scroll of identify
Potions
 a - a potion of lignification {unknown}
 b - a potion of curing {unknown}
 c - a potion of might {unknown}
 e - a potion of mutation
 i - a potion of attraction {unknown}
 j - a potion of resistance {unknown}

Dungeon Overview and Level Annotations

Branches:
Dungeon (5/15)             Temple (1/1) D:4

Altars:
Ashenzari
Dithmenos
Elyvilon
Kikubaaqudgha
Makhleb
Nemelex Xobeh
Okawaru
Qazlal
Ru
Sif Muna
Trog
Uskayaw
Wu Jian
Xom
Yredelemnul
Zin
The Shining One

Annotations:
D:2 1 runed translucent door, Crazy Yiuf


Message History

You can no longer gain great but temporary skills.
The hound bites you but does no damage. The white imp gestures at you.
The puff of frost hits you but does no damage.
The gnoll closely misses you.
You shoot a bolt. The bolt closely misses the hound.
The bolt barely misses the gnoll.
The hound barely misses you. The hound bites you but does no damage.
The gnoll barely misses you. You block the white imp's attack.
You shoot a bolt. The bolt completely misses the hound.
The bolt hits the gnoll!
The bolt freezes the gnoll.
You kill the gnoll!
Okawaru accepts your kill. You block the hound's attack.
The gnoll closely misses you. The white imp closely misses you.
The hound closely misses you. The white imp closely misses you.
You block the gnoll's attack.
You shoot a bolt.
The bolt hits the hound but does no damage.
The hound bites you. The hound closely misses you.
The gnoll closely misses you.
The white imp hits you but does no damage.
You shoot a bolt. The bolt hits the hound!
The bolt freezes the hound.
You kill the hound!
Okawaru accepts your kill. You block the gnoll's attack.
The white imp completely misses you.
Your base Ranged Weapons skill increases to level 8!
You have reached level 8!
You feel clever.
You shoot a bolt. The bolt barely misses the white imp.
The gnoll completely misses you. The white imp barely misses you. x2
The gnoll barely misses you.
You shoot a bolt. The bolt barely misses the white imp.
You block the white imp's attack.
You shoot a bolt. The bolt closely misses the white imp.
You feel like a meek peon again. The gnoll barely misses you.
The white imp gestures at you. The puff of frost hits you.
The gnoll barely misses you.
You shoot a bolt. The bolt hits the white imp.
The white imp is heavily wounded.
The gnoll closely misses you. The white imp hits you.
The white imp freezes you.
You die...

.. ... #.. #.. .. ....## ..#.. ..
....##.... .##.#.#....#
.)........# ##g5......#
#.@g......+ #..#####...#
##+#...#'# # #####.......### ###
#+#.#...........#.#+# #+
#.###...##.........##...#####.
###>#......'.........+......#...
##...#......##.......##......#...
.#...#.......#.......#.......#...


You could see 2 gnolls and a white imp.

Vanquished Creatures
  An ogre (D:5)
  2 phantoms
  2 scorpions (D:5)
  A howler monkey (D:5)
  5 hounds
  4 orc wizards (D:4)
  A sleepcap (D:5)
  2 iguanas
  A gnoll (D:5)
  5 adders
  An ufetubus (D:5)
  A worm (D:2)
  A dart slug (D:2)
  6 orcs
  8 endoplasms
  4 giant cockroaches
  8 hobgoblins
  3 quokkas
  3 ball pythons
  2 bats (D:2)
  7 frilled lizards
  6 goblins
  7 kobolds
  5 rats
86 creatures vanquished.

Vanquished Creatures (others)
  An orc (D:4)
  A quokka (D:4)
2 creatures vanquished.

Grand Total: 88 creatures vanquished

Notes
Turn   | Place    | Note
-------+----------+-------------------------------------------
     0 | D:1      | qw the Gargoyle Hexslinger began the quest for the Orb.
     0 | D:1      | Reached XP level 1. HP: 12/12 MP: 2/2
     0 | D:1      | 0 ||| qw: Version: 0.3-a-52-g30416fa
     0 | D:1      | 0 ||| qw: Game counter: 7230
     0 | D:1      | 0 ||| qw: Melee chars always use a shield: true
     0 | D:1      | 0 ||| qw: God list: Okawaru
     0 | D:1      | 0 ||| qw: Allow faded altars: false
     0 | D:1      | 0 ||| qw: Do Orc after clearing Dungeon:15 true
     0 | D:1      | 0 ||| qw: Do second Lair branch before Depths: true
     0 | D:1      | 0 ||| qw: Lair rune preference: random
     0 | D:1      | 0 ||| qw: Goals: Normal
     0 | D:1      | 0 ||| PLANNING D:1-11
    99 | D:1      | Found a faded altar of an unknown god.
   364 | D:1      | Reached XP level 2. HP: 16/16 MP: 3/3
   374 | D:1      | Reached skill level 3 in Ranged Weapons
   388 | D:1      | Found a bloodstained altar of Trog.
  1044 | D:1      | 1044 ||| UPGRADING to +0 leather armour.
  1054 | D:1      | 1054 ||| DROPPING +0 robe.
  1055 | D:1      | 1055 ||| READING scroll labelled RUMYITWUAW.
  1056 | D:1      | 1056 ||| DROPPING scroll of poison.
  1162 | D:2      | Reached XP level 3. HP: 21/21 MP: 4/4
  1664 | D:2      | Found a runed translucent door.
  1665 | D:2      | Noticed Crazy Yiuf
  1689 | D:2      | Reached XP level 4. HP: 24/26 MP: 5/5
  1798 | D:2      | 1798 ||| UPGRADING to +0 ring mail.
  1808 | D:2      | 1808 ||| DROPPING +0 leather armour.
  1809 | D:2      | 1809 ||| READING scroll labelled WYELUWNUTEQ.
  1810 | D:2      | 1810 ||| READING scroll labelled DUTUDI ZEGO.
  1811 | D:2      | 1811 ||| READING scroll labelled BIRRUSSYUTI.
  1812 | D:2      | 1812 ||| READING scroll labelled VAJARU YBEMOAW.
  1813 | D:2      | 1813 ||| DRINKING 2 green potions.
  1813 | D:2      | Gained mutation: You possess an exceptional clarity of
                  | mind. [potion of mutation]
  1813 | D:2      | Gained mutation: You are clumsy. (Dex -2) [potion of
                  | mutation]
  1813 | D:2      | Gained mutation: You are partially covered in large bone
                  | plates. (SH +4) [potion of mutation]
  1869 | D:3      | Reached skill level 4 in Ranged Weapons
  1923 | D:3      | Reached skill level 1 in Armour
  2124 | D:3      | 2124 ||| READING 2 scrolls of enchant weapon.
  2124 | D:3      | 2124 ||| ENCHANTING +2 sling of chaos.
  2125 | D:3      | 2125 ||| READING scroll of enchant weapon.
  2125 | D:3      | 2125 ||| ENCHANTING +3 sling of chaos.
  2140 | D:3      | Reached XP level 5. HP: 30/30 MP: 6/6
  2300 | D:3      | 2300 ||| DROPPING ring of wizardry.
  2301 | D:3      | 2301 ||| UPGRADING to +4 ring of protection.
  2302 | D:3      | 2302 ||| READING scroll labelled LUOGUR FEPHA.
  2303 | D:3      | 2303 ||| READING scroll labelled EBIALI YGHIGO.
  2303 | D:3      | Identified a scroll of acquirement
  2303 | D:3      | 2303 ||| ACQUIRING +1 arbalest of freezing
  2303 | D:3      | Acquired a +1 arbalest of freezing
  2305 | D:3      | 2305 ||| SWAPPING to +1 arbalest of freezing.
  2306 | D:3      | 2306 ||| DROPPING +4 sling of chaos.
  2307 | D:3      | 2307 ||| DRINKING 3 bubbling inky potions.
  2308 | D:3      | 2308 ||| DROPPING 2 potions of invisibility.
  2331 | D:4      | Found a broken altar of Ashenzari.
  2382 | D:4      | Found an ancient bone altar of Kikubaaqudgha.
  2424 | D:4      | Found a white marble altar of Elyvilon.
  2433 | D:4      | Reached skill level 5 in Ranged Weapons
  2486 | D:4      | Reached skill level 3 in Fighting
  2498 | D:4      | Reached XP level 6. HP: 37/37 MP: 7/7
  2645 | D:4      | Reached skill level 6 in Ranged Weapons
  3223 | D:4      | Found a staircase to the Ecumenical Temple.
  3224 | D:4      | 3224 ||| PLANNING TEMPLE
  3224 | D:4      | 3224 ||| READING scroll labelled SOXA BUFIETE.
  3233 | Temple   | Entered the Ecumenical Temple
  3263 | Temple   | 3263 ||| PLANNING OKAWARU WORSHIP
  3322 | Temple   | Became a worshipper of Warmaster Okawaru
  3323 | Temple   | 3323 ||| PLANNING D:1-11
  3380 | D:5      | Entered Level 5 of the Dungeon
  3457 | D:5      | Reached XP level 7. HP: 43/43 MP: 8/8
  3601 | D:5      | Reached skill level 7 in Ranged Weapons
  3737 | D:5      | HP: 10/43 [white imp/puff of frost (7)]
  3743 | D:5      | HP: 7/43 [scorpion (5)]
  3744 | D:5      | Reached * piety under Okawaru
  3745 | D:5      | 3745 ||| INVOKING Heroism.
  3748 | D:5      | HP: 4/43 [hound (4)]
  3750 | D:5      | Reached skill level 8 in Ranged Weapons
  3750 | D:5      | Reached XP level 8. HP: 5/48 MP: 6/9
  3753 | D:5      | HP: 3/48 [white imp (2)]
  3753 | D:5      | Slain by a white imp

Levels and vault maps discovered:
D:1:      minmay_arrival_solitary_statue, layout_basic,
          ebering_ecumenical_altar_rust, minmay_hexomino_r4
D:2:      layout_loops_ring, uniq_crazy_yiuf_cottage
D:3:      layout_basic
D:4:      layout_loops_corners, mainiacjoe_overflow_catwalk, elyvilon_altar_4,
          ashenzari_altar_1, minmay_temple_entry_poolview
D:5:      nicolae_cairo_tiling_very_big, layout_cave_pools
Temple:   nicolae_temple_great_sept

Skill      XL: |  1  2  3  4  5  6  7 |
---------------+----------------------+-----
Ranged Weapons | 3 4 5 6 8 |  8.0
Fighting       | 2 3 4 |  4.0
Armour         | 1 |  1.5
Dodging        | |  1.5
Spellcasting   | |  1.0
Hexes          | |  2.6

Action                     |  1- 3 |  4- 6 |  7- 9 || total
---------------------------+-------+-------+-------++-------
   Fire: Sling             |   127 |    44 |       ||   171
         Arbalest          |       |    62 |    48 ||   110
 Invoke: Heroism           |       |       |     1 ||     1
    Use: Scroll            |     1 |     9 |       ||    10
         Potion            |       |     2 |       ||     2
 Armour: Robe              |     4 |       |       ||     4
         Leather armour    |    12 |       |       ||    12
         Ring mail         |       |    42 |    46 ||    88
  Dodge: Dodged            |    29 |    22 |    53 ||   104
  Block: Other             |       |    10 |    23 ||    33

Table legend:
 A = Non-vault XP
 B = Vault XP
 C = Vault XP percentage of total XP
 D = Non-vault monster count
 E = Vault monster count
 F = Vault count percentage of total count
                 A         B        C        D         E       F
            +---------+---------+-------+---------+---------+-------
      Total |    1211 |      11 |   0.9 |      79 |       7 |   8.1
            +---------+---------+-------+---------+---------+-------
        D:1 |      18 |      11 |  37.9 |      13 |       7 |  35.0
        D:2 |      59 |       0 |   0.0 |      25 |       0 |   0.0
        D:3 |      78 |       0 |   0.0 |      12 |       0 |   0.0
        D:4 |     409 |       0 |   0.0 |      17 |       0 |   0.0
        D:5 |     647 |       0 |   0.0 |      12 |       0 |   0.0
            +---------+---------+-------+---------+---------+-------
